 Dungeon Crawl Stone Soup version 0.25.1-2-g60ff931df9 (webtiles) character file.

Game seed: 7244716474424923112

146 galacticnek0 the Skirmisher (level 5, -7/53 HPs)
             Began as a Troll Abyssal Knight on Oct 7, 2020.
             Was a Believer of Lugonu.
             Killed by divine providence
             ... invoked by an orc priest
              (15 damage)
             ... on level 3 of the Dungeon.
             The game lasted 00:12:48 (2112 turns).

galacticnek0 the Skirmisher (Troll Abyssal Knight)  Turns: 2112, Time: 00:12:48

Health: -7/53      AC:  7    Str: 19 (21) XL:     5   Next: 7%
Magic:  4/5        EV: 10    Int: 10      God:    Lugonu [**....]
Gold:   86         SH:  0    Dex:  7      Spells: 4/4 levels left

rFire    . . .     SeeInvis .   m - +2 quarterstaff (chaos)
rCold    + . .     Gourm    +   (shield currently unavailable)
rNeg     . . .     Faith    .   b - +0 robe
rPois    .         Spirit   .   (helmet restricted)
rElec    .         Reflect  .   n - +0 cloak
rCorr    .         Harm     .   (gloves unavailable)
MR       +....                  (boots unavailable)
Stlth    +.........             (no amulet)
HPRegen  0.57/turn              r - ring of wizardry
MPRegen  0.09/turn              u - ring of protection from magic

@: brilliant
A: large, unfitting armour, claws 3, clever 1, clumsy 1, cold resistance 1, fast
metabolism 3, gourmand, regeneration 1, shaggy fur 1, tough skin 3
a: Depart the Abyss, Bend Space, Renounce Religion


You were on level 3 of the Dungeon.
You worshipped Lugonu.
Lugonu was pleased with you.
You were completely stuffed.

You visited 1 branch of the dungeon, and saw 3 of its levels.
You visited the Abyss 1 time.

You collected 86 gold pieces.

Inventory:

Hand Weapons
 a - a +1 hand axe
 m - a +2 quarterstaff of chaos (weapon)
Missiles
 h - 15 sling bullets
 i - 163 stones
 k - 36 arrows
 o - 11 poisoned darts (quivered)
Armour
 b - a +0 robe (worn)
 n - a +0 cloak (worn)
 p - a +0 cloak of preservation
Jewellery
 r - a ring of wizardry (left claw)
 u - a ring of protection from magic (right claw)
Wands
 g - a wand of polymorph (4)
 v - a wand of paralysis (3)
Scrolls
 d - 3 scrolls of blinking
 e - a scroll of identify
 l - a scroll of fear
 q - a scroll of teleportation
Potions
 f - a potion of curing
 j - a potion of haste
Comestibles
 c - 6 rations
 s - 2 chunks of flesh


   Skills:
 + Level 3.3 Fighting
 + Level 2.3 Axes
 + Level 0.3 Staves
 + Level 1.7 Throwing
 + Level 2.6 Dodging
 + Level 0.1 Stealth
 + Level 1.6 Invocations


You had 4 spell levels left.
You didn't know any spells.
Your spell library was empty.

Dungeon Overview and Level Annotations

Branches:
Dungeon (3/15)

Altars:


Innate Abilities, Weirdness & Mutations

You are too large for most types of armour.
You have claws for hands.
Your metabolism is lightning-fast.
You like to eat raw meat.
Your natural rate of healing is unusually fast.
You are covered in fur. (AC +1)
You have extremely tough skin. (AC +3)
Your mind is acute. (Int +2)
You are clumsy. (Dex -2)
Your flesh is cold resistant. (rC+)


Message History

The orc priest mumbles some strange prayers to Beogh against you.
Beogh smites you!
You hit the orc.
You kill the orc!
Lugonu accepts your kill.
You hit the orc priest.
The orc priest is poisoned.
The orc priest is lightly wounded.
The orc priest mumbles some strange prayers to Beogh against you.
Beogh smites you!
* * * LOW HITPOINT WARNING * * *
You fail to use your ability.
The orc hits you but does no damage. The orc priest hits you with a +0 mace!
* * * LOW HITPOINT WARNING * * *
Unknown command.
Space bends around you!
You blink.
The orc priest looks satisfied for a moment.
The orc priest miscasts a cantrip.
The orc priest calls down the wrath of Beogh upon you.
Beogh smites you!
You die...

.........# ##.....##
######.### ##.......##
#####...####....o....#
...........+.........+
###.......##...o.....#
#.##.##.###..S....##
#.##.##.# ##.....##
#....##.# ##...##
#..####.# ##@##
#..####.# #.#
#[......# #.#
####.###### ####.##
........# ##.#...####
.###.##.# #...........
.# #.##.#
##......##### .#
#.##.###......## .#
#...........###


You could see an orc priest (poisoned), an adder and an orc.

Vanquished Creatures
  Crazy Yiuf (D:2)
  An orc wizard (D:3)
  3 adders
  2 worms (D:2)
  2 dart slugs
  4 leopard geckos
  3 orcs (D:3)
  7 giant cockroaches
  4 goblins
  5 hobgoblins
  3 jackals (D:1)
  4 bats
  7 frilled lizards
  6 kobolds
  4 rats
56 creatures vanquished.

Notes
Turn   | Place    | Note
-------+----------+-------------------------------------------
     0 | Abyss:1  | galacticnek0 the Troll Abyssal Knight began the quest for
                  | the Orb.
     0 | Abyss:1  | Reached XP level 1. HP: 22/22 MP: 1/1
    47 | D:1      | Escaped the Abyss
   111 | D:1      | Reached XP level 2. HP: 29/29 MP: 2/2
   418 | D:1      | Reached skill level 3 in Fighting
   769 | D:2      | Reached ** piety under Lugonu
   772 | D:2      | Reached XP level 3. HP: 37/37 MP: 3/3
   835 | D:2      | Gained mutation: Your flesh is cold resistant. (rC+)
                  | [potion of mutation]
   835 | D:2      | Gained mutation: You are clumsy. (Dex -2) [potion of
                  | mutation]
   835 | D:2      | Gained mutation: Your mind is acute. (Int +2) [potion of
                  | mutation]
   874 | D:2      | Found a runed translucent door.
   875 | D:2      | Noticed Crazy Yiuf
   892 | D:2      | Killed Crazy Yiuf
  1299 | D:2      | Reached XP level 4. HP: 39/45 MP: 4/4
  1471 | D:2      | Reached skill level 1 in Throwing
  2100 | D:3      | Reached XP level 5. HP: 42/53 MP: 5/5
  2112 | D:3      | Killed from afar by an orc priest

Illustrated notes

Levels and vault maps discovered:
D:1:      wander_arrival_fairy_ring, layout_basic, minmay_worlds_worst_comb
D:2:      layout_loops_cross, serial_forest, infiniplex_forest_clump_curved,
          infiniplex_forest_lined_4_way, infiniplex_forest_lined_3_way,
          infiniplex_forest_straight_2, infiniplex_forest_clump_curved,
          uniq_crazy_yiuf_cottage
D:3:      layout_loops_corners, chequers_avenue

Skill      XL: |  1  2  3  4 |
---------------+-------------+-----
Dodging        | 2 |  2.6
Fighting       | 3 |  3.3
Axes           | 2 |  2.3
Throwing       | 1 |  1.7
Staves         | |  0.3
Stealth        | |  0.1
Invocations    | |  1.6

Action                   |  1- 3 |  4- 6 || total
-------------------------+-------+-------++-------
Melee: Hand axe          |   115 |    16 ||   131
       Unarmed           |     2 |       ||     2
       Quarterstaff      |       |    32 ||    32
Throw: Stone             |     7 |       ||     7
       Dart              |    33 |    31 ||    64
Invok: Bend Space        |     1 |     1 ||     2
  Use: Scroll            |     5 |       ||     5
       Potion            |     7 |     2 ||     9
 Stab: Confused          |     1 |       ||     1
  Eat: Chunk             |    17 |     8 ||    25
Armor: Robe              |    46 |    15 ||    61
       Skin              |     2 |       ||     2
Dodge: Dodged            |   102 |    18 ||   120
